 Dungeon Crawl Stone Soup version bcrawl-1.40.3b (webtiles) character file.

Game seed: 12560189639367186864

337887 hofbold the Spear-Bearer (level 11, -6/66 HPs)
             Began as a Skeleton Monk on Feb 6, 2024.
             Was an Elder of Lugonu.
             Shot with a bolt by an orc warlord (16 damage)
             ... on level 10 of the Dungeon.
             The game lasted 00:24:32 (9944 turns).

hofbold the Spear-Bearer (Skeleton Monk)            Turns: 9944, Time: 00:24:33

Health: -6/66      AC: 10    Str: 21 (22) XL:     11   Next: 10%
Magic:  0/22       EV: 14    Int: 13      God:    Lugonu [****..]
Gold:   62         SH:  0    Dex: 10 (11) Spells: 14/25 levels left

rFire    . . .     GDR:     28% o - +1 halberd (chop)
rCold    + . .     SeeInvis .   (shield currently unavailable)
rNeg     + + +     Gourm    .   g - +2 leather armour {MR+}
rPois    ∞         Faith    .   m - +2 hat {MR+}
rElec    +         Spirit   +   i - +1 cloak
rCorr    .         Reflect  .   (no gloves)
MR       +++..                  (no boots)
Stlth    ++........             d - amulet of magic regeneration
HPRegen  0.21/turn              v - ring of insulation
MPRegen  0.42/turn              u - +5 ring of strength

@: very slightly contaminated
A: no food or potions, cold resistance 1, deterioration 1, negative energy
resistance 3, powered by death 1, torment resistance, unbreathing, magic shield,
sturdy frame 2, spell healing
a: Depart the Abyss, Bend Space, Banish, Corrupt, Renounce Religion


You were on level 10 of the Dungeon.
You worshipped Lugonu.
Lugonu was greatly pleased with you.
You were not hungry.

You visited 2 branches of the dungeon, and saw 11 of its levels.

You collected 701 gold pieces.
You spent 639 gold pieces at shops.

Inventory:

Hand Weapons
 a - a +0 spear
 o - a +1 halberd of chopping (weapon)
Missiles
 p - 28 poisoned tomahawks (quivered)
Armour
 g - a +2 leather armour of magic resistance (worn)
 i - a +1 cloak (worn)
 j - a scarf of resistance
 l - a +2 helmet
 m - a +2 hat of magic resistance (worn)
 n - a +0 medium shield
 t - the +2 robe "Ixuciza" {*Drain rPois MR- Dex+7, unknown}
   (You found it on level 10 of the Dungeon)

   It affects your dexterity (+7).
   It protects you from poison.
   It affects your resistance to hostile enchantments.
   It causes draining when unequipped.
Jewellery
 d - an amulet of magic regeneration (around neck)
 u - a +5 ring of strength (right hand)
 v - a ring of insulation (left hand)
Wands
 b - a wand of flame (17)
 q - a wand of random effects (8)
 s - a wand of acid (3)
Scrolls
 c - a scroll of fog
 e - 7 scrolls of remove curse
 f - 5 scrolls of revelation
 h - a scroll of fear
 k - 2 scrolls of teleportation
 r - a scroll of enchant weapon {unknown}


   Skills:
 + Level 6.8 Fighting
 + Level 8.1 Polearms
 + Level 6.4 Armour
 + Level 6.7 Dodging
 - Level 4.0 Stealth
 + Level 7.7 Spellcasting
 + Level 6.1 Conjurations
 + Level 2.0 Translocations
 + Level 5.0 Earth Magic
 + Level 4.4 Invocations
 + Level 4.7 Evocations


You had 14 spell levels left.
You knew the following spells:

 Your Spells              Type           Power        Failure   Level  Hunger
a - Stone Arrow           Conj/Erth      ###...       4%          3    N/A
b - Sandblast             Erth           ###...       1%          1    N/A
d - Petrify               Tmut/Erth      ##........   45%         4    N/A
w - Passwall              Tmut/Erth      ##......     8%          2    N/A
y - Apportation           Tloc           ##....       1%          1    N/A

Your spell library contained the following spells:

 Spells                   Type           Power        Failure   Level  Hunger
 Throw Frost              Conj/Ice       ##....       2%          2    N/A
 Corona                   Hex            #......      14%         1    N/A
 Freeze                   Ice            #.....       14%         1    N/A
 Infusion                 Chrm           #.......     14%         1    N/A
 Slow                     Hex            #.......     14%         1    N/A
 Summon Butterflies       Summ           #.......     14%         1    N/A
 Throw Icicle             Conj/Ice       ##......     36%         4    N/A
 Ozocubu's Armour         Chrm/Ice       #.......     38%         3    N/A
 Lee's Rapid Deconstruct  Erth           ###.......   45%         5    N/A
 Bolt of Draining         Conj/Necr      ##........   73%         5    N/A
 Iskenderun's Battlesphe  Conj/Chrm      ##......     73%         5    N/A
 Summon Ice Beast         Ice/Summ       #.......     80%         4    N/A
 Iron Shot                Conj/Erth      ###.......   91%         6    N/A
 Piercing Shot            Chrm           #.........   98%         5    N/A
 Steam Barrier            Chrm/Fire      #.........   98%         5    N/A
 Bolt of Cold             Conj/Ice       ##........   99%         6    N/A
 Poison Arrow             Conj/Pois      ##........   99%         6    N/A
 Time Stop                Chrm/Tloc      N/A          100%        8    N/A
 Ice Form                 Ice/Tmut       Unusable     N/A         4    N/A

Dungeon Overview and Level Annotations

Branches:
Dungeon (10/12)            Temple (1/1) D:5            Lair (0/6) D:9
    Orc (0/1) D:8

Altars:
Ashenzari
Cheibriados
Dithmenos
Gozag
Hepliaklqana
Kikubaaqudgha
Lugonu
Nemelex Xobeh
Okawaru
Ru
Sif Muna
Trog
Uskayaw
Wu Jian
Xom
Yredelemnul

Shops:
D:10 =

Annotations:
D:4 Duvessa


Innate Abilities, Weirdness & Mutations

You do not eat or drink.
You are immune to poison.
Your flesh is cold resistant. (rC+)
Your body sometimes deteriorates upon taking damage.
You are immune to negative energy. (rN+++)
You regenerate a little health from kills.
You are immune to unholy pain and torment.
You can survive without breathing.
When hurt, damage is shared between your health and your magic reserves.
Your movements are less encumbered by armour. (ER -4)
Casting spells heals you.


Message History

The orc warlord is heavily wounded.
Your attack snaps the orc warlord out of its fear.
The meliai zombie hits you but does no damage.
The meliai zombie hits you.
* * * LOW HITPOINT WARNING * * *
Evoke which item? (* to show all) (? for menu, Esc to quit)
Aiming: Corrosive Bolt
Press: ? - help, Shift-Dir - straight line, f/p - orc warlord
Aim: an orc warlord, wielding a +0 battleaxe of venom, wearing a +0 chain mail and quivering 142 bolts (heavily wounded, poisoned)
The bolt of acid hits the meliai zombie!
The meliai zombie is splashed with acid!
The acid corrodes the meliai zombie!
You destroy the meliai zombie!
Lugonu accepts your kill.
The bolt of acid hits the orc warlord!
The orc warlord is splashed with acid.
The orc warlord is heavily wounded.
The orc warlord unwields a +0 battleaxe of venom.
It stops dripping with poison.
The orc warlord wields a +0 arbalest.
The orc warlord shoots a bolt.
The bolt hits you!!
You die...

#.# #.##.# ..
#.##.# ..
#.##.# .%
#.##.# .#
#.##.# .# .
#.##.# .###...
#.##.###..>....
#.@.o..).......
########.##....
... . ###.. ...
o# #


You could see an orc warlord.

Vanquished Creatures
  3 death yaks (D:9)
  An unseen horror (D:10)
  A meliai zombie (D:10)
  A hippogriff (D:10)
  3 hogs (D:10)
  A human (D:10)
  7 yaks
  4 hungry ghosts
  A porcupine (D:9)
  3 orc warriors (D:8)
  2 ice beasts
  3 sky beasts
  A necrophage (D:8)
  An ogre (D:7)
  A phantom (D:4)
  7 bullfrogs
  3 kobold brigands
  A gnoll sergeant (D:9)
  2 centaurs (D:4)
  Dowan (D:4)
  A scorpion (D:5)
  4 killer bees
  5 wights
  5 howler monkeys
  An orc priest (D:8)
  5 crimson imps
  A bullfrog zombie (D:7)
  A quasit (D:7)
  3 hounds
  3 bullfrog skeletons
  4 jellies
  5 orc wizards
  An iguana (D:4)
  A hell rat (D:9)
  2 worker ants
  A howler monkey zombie (D:7)
  Robin (D:3)
  2 worker ant zombies
  17 gnolls
  14 adders
  3 shadow imps
  An adder zombie (D:9)
  2 worms
  4 dart slugs
  A leopard gecko (D:5)
  14 orcs
  3 giant cockroaches
  11 goblins
  10 hobgoblins
  15 jackals
  21 kobolds
  9 quokkas
  7 bats
  7 frilled lizards
  2 quokka skeletons
  A quokka zombie (D:6)
  9 rats
244 creatures vanquished.

Notes
Turn   | Place    | Note
-------+----------+-------------------------------------------
     0 | D:1      | hofbold the Skeleton Monk began the quest for the Orb.
     0 | D:1      | Reached XP level 1. HP: 14/14 MP: 2/2
   217 | D:1      | Reached XP level 2. HP: 19/19 MP: 3/3
   585 | D:1      | Reached skill level 1 in Armour
   585 | D:1      | Reached skill level 1 in Spellcasting
   886 | D:2      | Reached XP level 3. HP: 18/23 MP: 2/4
  1610 | D:1      | Reached skill level 4 in Polearms
  2337 | D:2      | Reached XP level 4. HP: 22/28 MP: 4/6
  2608 | D:3      | Noticed Robin
  2648 | D:3      | Killed Robin
  2840 | D:3      | Reached XP level 5. HP: 29/32 MP: 5/8
  3549 | D:4      | Noticed a phantom
  3790 | D:4      | Killed a phantom
  3791 | D:4      | Gained mutation: You regenerate a little health from kills.
                  | [Skeleton growth]
  3791 | D:4      | Reached XP level 6. HP: 36/38 MP: 8/10
  3799 | D:4      | Noticed Dowan
  3809 | D:4      | Killed Dowan
  3943 | D:4      | Reached skill level 5 in Polearms
  3953 | D:4      | Learned a level 1 spell: Sandblast
  3956 | D:4      | Learned a level 2 spell: Passwall
  3960 | D:4      | Learned a level 3 spell: Stone Arrow
  3965 | D:4      | Learned a level 4 spell: Petrify
  4060 | D:4      | Noticed Duvessa
  4209 | D:4      | Reached XP level 7. HP: 42/43 MP: 12/12
  4222 | D:5      | Entered Level 5 of the Dungeon
  4229 | D:4      | Reached skill level 1 in Conjurations
  4282 | D:5      | Reached skill level 1 in Evocations
  4302 | D:5      | Reached skill level 1 in Earth Magic
  4584 | D:4      | Reached XP level 8. HP: 19/48 MP: 6/14
  5035 | D:5      | Found a staircase to the Ecumenical Temple.
  5049 | Temple   | Entered the Ecumenical Temple
  5106 | Temple   | Became a worshipper of Lugonu the Unformed
  5106 | Temple   | Reached ** piety under Lugonu
  5479 | D:5      | Reached *** piety under Lugonu
  5483 | D:6      | Reached skill level 6 in Polearms
  5497 | D:6      | Reached skill level 5 in Spellcasting
  5567 | D:6      | Reached skill level 5 in Fighting
  5567 | D:6      | Reached skill level 5 in Dodging
  6038 | D:6      | Reached XP level 9. HP: 52/54 MP: 15/17
  6384 | D:7      | Found a shimmering altar of Xom.
  7056 | D:7      | Reached **** piety under Lugonu
  7057 | D:7      | Reached skill level 5 in Armour
  7279 | D:8      | Reached skill level 7 in Polearms
  7584 | D:8      | Gained mutation: Your movements are less encumbered by
                  | armour. (ER -4) [Skeleton growth]
  7584 | D:8      | Reached XP level 10. HP: 60/60 MP: 14/19
  7869 | D:8      | Reached skill level 5 in Conjurations
  7895 | D:8      | Received a gift from Lugonu
  8301 | D:8      | Found a staircase to the Orcish Mines.
  8429 | D:8      | Found a shadowy altar of Dithmenos.
  9033 | D:9      | Learned a level 1 spell: Apportation
  9034 | D:9      | Found a staircase to the Lair.
  9034 | D:9      | Noticed a death yak
  9034 | D:9      | Noticed a death yak
  9057 | D:9      | Killed a death yak
  9109 | D:9      | Noticed a death yak
  9113 | D:9      | Killed a death yak
  9114 | D:9      | Reached skill level 1 in Translocations
  9115 | D:9      | Killed a death yak
  9431 | D:10     | Entered Level 10 of the Dungeon
  9529 | D:10     | Reached skill level 8 in Polearms
  9529 | D:10     | Reached XP level 11. HP: 34/66 MP: 3/22
  9660 | D:10     | Got a brightly glowing robe
  9819 | D:10     | Found Vegu's Jewellery Boutique.
  9822 | D:10     | Bought a +5 ring of strength for 289 gold pieces
  9822 | D:10     | Bought an uncursed ring of insulation for 350 gold pieces
  9925 | D:10     | Noticed an orc warlord
  9933 | D:10     | Killed an unseen horror
  9934 | D:10     | Reached skill level 5 in Earth Magic
  9944 | D:10     | Shot with a bolt by an orc warlord

Skill      XL: |  1  2  3  4  5  6  7  8  9 10 11 |
---------------+----------------------------------+-----
Armour         | 1 2 3 4 5 6 |  6.4
Spellcasting   | 1 2 3 4 5 6 7 |  7.7
Polearms       | 4 5 6 7 8 |  8.1
Stealth        | 3 4 |  4.0
Fighting       | 4 5 6 |  6.8
Dodging        | 4 5 6 |  6.7
Conjurations   | 2 3 4 6 |  6.1
Evocations     | 1 2 3 4 |  4.7
Earth Magic    | 1 2 4 5 |  5.0
Invocations    | 2 3 4 |  4.4
Translocations | 1 2 |  2.0

Action                   |  1- 3 |  4- 6 |  7- 9 | 10-12 || total
-------------------------+-------+-------+-------+-------++-------
Melee: Spear             |   180 |   188 |       |       ||   368
       Halberd           |       |    58 |   335 |    62 ||   455
Throw: Tomahawk          |       |       |    40 |    12 ||    52
 Cast: Stone Arrow       |       |       |    28 |    79 ||   107
       Apportation       |       |       |       |     1 ||     1
Evoke: Wand              |       |       |     4 |    11 ||    15
  Use: Scroll            |     1 |     4 |     8 |     4 ||    17
 Stab: Sleeping          |    12 |     8 |     4 |     4 ||    28
       Distracted        |       |     1 |       |       ||     1
Armor: Robe              |     2 |       |       |       ||     2
       Leather armour    |    25 |    39 |   140 |    38 ||   242
Dodge: Dodged            |    58 |   122 |   329 |    46 ||   555
